 Dungeon Sprint DCSS version 0.26-a0-958-gf3041fb45f (webtiles) character file.

Game seed: 10251555456725198622

31 iamoutofideas the Firebug (level 3, -2/19 HPs)
             Began as a Deep Elf Fire Elementalist on Nov 30, 2020.
             Slain by a human (9 damage)
             ... in the Dungeon (Sprint III: "The Ten Rune Challenge").
             The game lasted 00:00:10 (187 turns).

iamoutofideas the Firebug (DEFE)                     Turns: 187, Time: 00:00:11

Health: -2/19      AC:  2    Str:  5    XL:     3   Next: 7%
Magic:  3/11       EV: 14    Int: 20    God:
Gold:   15         SH:  0    Dex: 15    Spells: 10/11 levels left

rFire    . . .     SeeInvis .   (no weapon)
rCold    . . .     Faith    .   (no shield)
rNeg     . . .     Spirit   .   a - +0 robe
rPois    .         Reflect  .   (no helmet)
rElec    .         Harm     .   (no cloak)
rCorr    .         Rampage  .   (no gloves)
MR       .....     NoTele   +   (no boots)
Stlth    ++........             (no amulet)
HPRegen  0.06/turn              (no ring)
MPRegen  0.12/turn              (no ring)

@: very slightly contaminated
A: no striking features
a: no special abilities


You were in the Dungeon.
You visited 1 branch You collected 15 gold pieces.

Inventory:

Armour
 a - a +0 robe (worn)
Scrolls
 h - a scroll of blinking
Potions
 c - a potion of curing
 d - a potion of heal wounds
 e - a potion of haste
 f - 2 potions of magic
 g - a potion of berserk rage


   Skills:
 + Level 3.5 Dodging
 + Level 3.3 Stealth
 + Level 4.6 Spellcasting
 + Level 1.7 Conjurations
 + Level 5.9 Fire Magic


You had 10 spell levels left.
You knew the following spells:

 Your Spells              Type           Power        Failure   Level
a - Foxfire               Conj/Fire      ###.         2%          1

Your spell library contained the following spells:

 Spells                   Type           Power        Failure   Level
 Conjure Flame            Conj/Fire      ###.....     8%          3
 Inner Flame              Hex/Fire       ###.....     11%         3
 Sticky Flame             Conj/Fire      ###.....     24%         4
 Fireball                 Conj/Fire      ###.......   56%         5


Dungeon Overview and Level Annotations

Branches:
Dungeon (1/1)

Altars:


Message History

Confirm with . or Enter, or press ? or * to list all spells.
Nothing appears to happen.
The foxfire hits the scorpion!
The scorpion is severely wounded.
The scorpion misses you.
Casting: Foxfire (safe; 2% risk of failure)
Confirm with . or Enter, or press ? or * to list all spells.
You conjure some foxfire!
The scorpion stings you! The human hits you.
Sorry, you're not good enough to have a special ability.
Unknown command.
Casting: Foxfire (safe; 2% risk of failure)
Confirm with . or Enter, or press ? or * to list all spells.
You conjure some foxfire!
The foxfire hits the scorpion.
The scorpion is almost dead.
The scorpion barely misses you. The human misses you.
Unknown command.
Unknown command.
Casting: Foxfire (safe; 2% risk of failure)
Confirm with . or Enter, or press ? or * to list all spells.
You conjure some foxfire!
The scorpion closely misses you. The human hits you!
You die...

▓...#......##
▓..##.......# .#
▓##.##.##.).# .#
##.##.###..# ..#
▓#.####.##..# ...+
▓.###..##..##
#...# ▓#.....##..#
#....#
###..##...##p....#
##..##....#@s....#
#..###..##v#v....#
#(.# #..#####....#
▓▓▓▓ ▓▓▓▓ ▓▓▓▓▓


You could see a human and a scorpion.

Vanquished Creatures
  Jessica (D)
  An ooze (D)
  A rat (D)
3 creatures vanquished.

Vanquished Creatures (others)
  19 foxfires (D)
  2 plants (D)
21 creatures vanquished.

Grand Total: 24 creatures vanquished

Notes
Turn   | Place    | Note
-------+----------+-------------------------------------------
     0 | D        | iamoutofideas the Deep Elf Fire Elementalist began the
                  | quest for the Orb.
     0 | D        | Reached XP level 1. HP: 10/10 MP: 6/6
    15 | D        | Reached skill level 4 in Fire Magic
    85 | D        | Noticed Jessica
    91 | D        | Killed Jessica
    92 | D        | Reached skill level 5 in Fire Magic
    92 | D        | Reached XP level 2. HP: 15/15 MP: 2/9
    92 | D        | Reached XP level 3. HP: 19/19 MP: 2/11
   179 | D        | Noticed a scorpion
   187 | D        | Slain by a human

Illustrated notes

Levels and vault maps discovered:
D:        dungeon_sprint_mu [sprint_mu_entry_cave, sprint_mu_temple_rooms,
          sprint_mu_d1_horrors, sprint_mu_d2_genie, sprint_mu_d3_branching,
          sprint_mu_orc_legion, sprint_mu_elf_gauntlet, sprint_mu_hive_nellie,
          sprint_mu_lair_fedhas, sprint_mu_vaults_butterflies,
          sprint_mu_slime_circle, sprint_mu_swamp_cave, sprint_mu_shoals_kraken,
          sprint_mu_blade_basic, sprint_mu_crypt_fortress,
          sprint_mu_tomb_spiral, sprint_mu_vestibule_basic,
          sprint_mu_gehenna_hellfire, sprint_mu_dis_giant,
          sprint_mu_tartarus_statrot, sprint_mu_cocytus_islands, sprint_mu_zot1]

Skill      XL: |  1 |
---------------+----+-----
Fire Magic     | 5 |  5.9
Dodging        | 3 |  3.5
Stealth        | 3 |  3.3
Spellcasting   | 4 |  4.6
Conjurations   | |  1.7

Action                   || total
-------------------------++-------
 Cast: Foxfire           ||    17
Dodge: Dodged            ||     5

Table legend: (Time is in decaauts)
 A = Elapsed time spent in this place.
 B = Non-inter-level travel time spent in this place.
 C = Inter-level travel time spent in this place.
 D = Time resting spent in this place.
 E = Time spent auto-exploring this place.
 F = Levels seen in this place.
 G = Mean time per level.
                   A        B        C        D        E       F      G
               +--------+--------+--------+--------+--------+-----+--------+
         Total |    187 |    187 |      0 |     27 |    132 |   1 |  187.0 |
       Dungeon |    187 |    187 |      0 |     27 |    132 |   1 |  187.0 |
               +--------+--------+--------+--------+--------+-----+--------+

Top non-repeatable levels by time:
       D: 187 daAuts
